Map: Acropolis LE

Players

Snute - Winner!

  • Race: Zerg Zerg
  • Spawn Location: 5:00

Sakura

  • Race: Protoss Protoss
  • Spawn Location: 11:00

Event: 2019 WCS Summer

VOD

Have the link to the VOD?

Description

Time

  • Played on: July 12, 2019, 9:38 a.m.
  • Length: 5:24

All games in this series

Show
View Real Time Build Order
Export as new Build Order

Snute Zerg - Winner!

Build Orders: Hatch First 

Get SALT Encoding   

  12  0:00  Drone  
  13  0:12  Overlord  
  13  0:16  Drone  
  14  0:30  Drone x2  
  14  0:34  Drone  
  17  0:51  Hatchery  
  17  0:53  Drone  
  17  0:57  Drone  
  18  1:07  Extractor  
  17  1:11  Spawning Pool  
  17  1:14  Drone  
  17  1:17  Drone  
  18  1:28  Drone  
  19  1:38  Overlord  
  19  1:49  Drone  
  20  1:58  Queen  
  20  2:00  Zergling x2  
  23  2:02  Drone  
  23  2:03  Queen  
  26  2:09  Metabolic Boost  
  26  2:14  Drone x2  
  28  2:21  Drone  
  29  2:24  Drone  
  30  2:32  Drone  
  30  2:36  Hatchery  
  30  2:38  Drone  
  30  2:42  Overlord  
  31  2:45  Drone  
  32  2:53  Zergling x2  
  32  2:56  Drone, Queen  
  36  3:04  Drone  
  37  3:06  Drone x3  
  37  3:08  Drone  
  41  3:17  Overlord  
  41  3:18  Drone  
  41  3:19  Queen  
  44  3:35  Extractor  
  44  3:36  Drone x2, Queen  
  44  3:38  Drone x3  
  44  3:39  Drone  
  51  3:42  Drone  
  51  3:46  Overlord, Roach Warren  
  51  3:47  Drone  
  51  3:48  Drone  
  53  3:51  Drone  
  53  3:52  Drone x2  
  56  3:59  Overlord  
  56  4:04  Overlord  
  56  4:06  Queen  
  56  4:07  Overlord  
  58  4:18  Spore Crawler  
  58  4:19  Spore Crawler x2  
  55  4:26  Roach x5  
  55  4:29  Roach x2  
  68  4:33  Roach x4  
  68  4:35  Zergling x2  
  80  4:39  Zergling x6  
  84  4:45  Zergling x2  
  84  4:47  Ravager  
  85  4:54  Zergling x8  
  86  5:03  Zergling x8  
Show
View Real Time Build Order
Export as new Build Order

Sakura Protoss 

Build Orders: 1 Gate Expand 

Get SALT Encoding   

  12  0:00  Probe  
  13  0:12  Probe  
  14  0:18  Pylon  
  14  0:25  Probe  
  15  0:35  Probe  
  15  0:39  Gateway  
  16  0:43  Probe  
  16  0:45  Assimilator  
  17  0:51  Probe  
  18  1:03  Probe  
  19  1:15  Probe  
  20  1:24  Nexus  
  20  1:29  Probe  
  21  1:38  Cybernetics Core  
  21  1:43  Assimilator  
  21  1:45  Probe  
  22  1:51  Pylon  
  22  1:57  Probe  
  23  2:05  Stalker  
  23  2:10  Probe  
  23  2:15  Warp Gate  
  26  2:22  Probe  
  27  2:24  Robotics Facility  
  27  2:33  Probe  
  27  2:34  Probe  
  29  2:41  Probe  
  29  2:42  Sentry  
  31  2:46  Probe  
  31  2:50  Probe  
  34  2:59  Probe, Immortal  
  34  3:02  Probe  
  36  3:11  Probe  
  41  3:16  Gateway, Pylon  
  41  3:19  Sentry  
  43  3:22  Probe  
  43  3:26  Warp Prism  
  44  3:27  Gateway  
  47  3:43  Gateway  
  47  3:45  Gateway  
  47  3:52  Gateway  
  47  3:55  Gateway  
  47  3:59  Probe  
  47  4:01  Pylon  
  47  4:10  Stalker  
  47  4:11  Stalker  
  47  4:16  Stalker x2  
  51  4:22  Pylon  
  51  4:28  Stalker  
  53  4:40  Stalker x2  
  53  4:41  Zealot  
  53  4:43  Zealot  
  61  4:52  Stalker  
  63  4:53  Zealot x2  
  65  5:04  Stalker, Zealot x2  
  65  5:05  Zealot  
Tags
 
Add a new tag
Caveats
  • Supply blocks, unpowered buildings, or Contaminate may cause inaccurate times.
  • Supply counts are checked every 10 seconds.